 Dungeon Crawl Stone Soup version 0.27-a0-1278-g6cbc8dfb29 (webtiles) character file.

Game seed: 950340875471347127

19226 speeev3455 the Warrior (level 12, -9/186 HPs)
             Began as a Minotaur Fighter on June 12, 2021.
             Was a Priest of Trog.
             Mangled by an orc warrior (23 damage)
             ... led by an orc knight
             ... on level 10 of the Dungeon.
             The game lasted 00:21:17 (13158 turns).

speeev3455 the Warrior (Minotaur Fighter)          Turns: 13158, Time: 00:21:17

Health: -9/186     AC: 16    Str: 25    XL:     12   Next: 34%
Magic:  11/11      EV:  5    Int:  5    God:    Trog [***...]
Gold:   1041       SH: 10    Dex: 11    Spells: 11/11 levels left

rFire    . . .     SeeInvis .   a - +1 war axe
rCold    + . .     Faith    +   c - +0 kite shield
rNeg     + . .     Spirit   .   w - +2 plate armour {rC+}
rPois    .         Reflect  .   (helmet restricted)
rElec    .         Harm     .   b - scarf {+Inv}
rCorr    .         Rampage  .   (no gloves)
Will     .....                  (no boots)
Stlth    ..........             J - amulet of faith
HPRegen  0.41/turn              h - ring of flight
MPRegen  0.12/turn              A - ring of positive energy

@: berserking, flying, studying Axes, very quick
A: horns 2, retaliatory headbutt
a: Renounce Religion, Evoke Invisibility, Berserk, Trog's Hand


You were on level 10 of the Dungeon.
You worshipped Trog.
Trog was most pleased with you.
You visited 4 branches of the dungeon, and saw 14 of its levels.
You also visited: Sewer.

You collected 1041 gold pieces.

Inventory:

Hand Weapons
 a - a +1 war axe (weapon)
Missiles
 i - 2 throwing nets
 k - 59 poisoned darts
 N - a curare-tipped dart
Armour
 b - a scarf of invisibility (worn)
 c - a +0 kite shield (worn)
 p - a +2 scale mail of fire resistance
 w - a +2 plate armour of cold resistance (worn)
Jewellery
 h - a ring of flight (left hand)
 u - the ring "Wojeotem" {rF+ rC- Int+8 Dex+6}
   (You found it on level 7 of the Dungeon)

   [ring of protection from fire]

   It affects your intelligence (+8).
   It affects your dexterity (+6).
   It protects you from fire.
   It makes you vulnerable to cold.
 A - a ring of positive energy (right hand)
 J - an amulet of faith (around neck)
 K - a ring of protection from cold
 L - the ring of Cynicism {+Blink rC+ rCorr Dex-3 Stlth+}
   (You found it on level 9 of the Dungeon)

   [ring of resist corrosion]

   It affects your dexterity (-3).
   It protects you from cold.
   It lets you blink.
   It protects you from acid and corrosion.
   It makes you more stealthy.
Wands
 o - a wand of flame (4)
 E - a wand of charming (12)
Scrolls
 f - a scroll of brand weapon {unknown}
 g - a scroll of enchant weapon
 r - a scroll of torment {unknown}
 t - a scroll of amnesia
 x - a scroll of magic mapping {unknown}
 y - 7 scrolls of teleportation
 z - 5 scrolls of fear {unknown}
 D - a scroll of immolation {unknown}
 F - 3 scrolls of blinking {unknown}
 G - a scroll of fog {unknown}
 O - 2 scrolls of silence {unknown}
Potions
 d - a potion of magic {unknown}
 j - 9 potions of heal wounds
 l - a potion of haste {unknown}
 m - a potion of berserk rage {unknown}
 n - 4 potions of curing
 q - a potion of ambrosia {unknown}
 s - a potion of lignification {unknown}
 v - 2 potions of mutation
 C - 2 potions of flight
 H - a potion of resistance
 I - 12 potions of degeneration
 M - 3 potions of invisibility


   Skills:
 + Level 16.4 Fighting
 + Level 15.9 Axes
 + Level 9.8 Armour
 - Level 3.6 Shields


You had 11 spell levels left.
You didn't know any spells.
Your spell library was empty.

Dungeon Overview and Level Annotations

Branches:
Dungeon (11/15)            Temple (1/1) D:6            Lair (1/6) D:9
    Orc (1/2) D:10          Sewer (visited)

Altars:
Ashenzari
Cheibriados
Dithmenos
Elyvilon
Fedhas
Gozag
Hepliaklqana
Kikubaaqudgha
Makhleb
Nemelex Xobeh
Okawaru
Qazlal
Ru
Sif Muna
Trog
Uskayaw
Vehumet
Wu Jian
Xom
Yredelemnul
Zin
The Shining One

Annotations:
D:7 3 runed translucent doors, avis's ghost, novice HOMo


Innate Abilities, Weirdness & Mutations

You have a pair of horns on your head.
You reflexively headbutt those who attack you in melee.


Message History

There is a staircase to the Orcish Mines here.
A red film seems to cover your vision as you go berserk!
You feel yourself moving faster!
You feel mighty! You block the orc knight's attack.
The orc warrior hits you with a +0 battleaxe!
The orc warrior hits you but does no damage.
You block the orc warrior's attack.
You barely miss the orc knight. Your headbutt misses the orc knight.
You hit the orc warrior but do no damage.
You slash the orc warrior! x2
You feel the power of Trog in you as your rage grows.
You kill the orc warrior!
Trog accepts your kill.
The orc knight hits you with a +0 great mace.
You block the orc warrior's attack.
You closely miss the orc knight. You headbutt the orc knight!
The orc knight is lightly wounded.
You slash the orc warrior! x2; You block the orc warrior's attack.
The orc warrior hits you with a +0 battleaxe!!
The orc knight hits you with a +0 great mace!!
* * * LOW HITPOINT WARNING * * *
You hit the orc knight.
The orc knight is moderately wounded.
You slash the orc warrior!
You hit the orc warrior but do no damage.
You slash the orc knight!
The orc knight is heavily wounded.
You hit the orc warrior. You closely miss the orc warrior.
The orc warrior hits you with a +0 hand axe!
* * * LOW HITPOINT WARNING * * *
The orc warrior hits you with a +0 battleaxe!!
* * * LOW HITPOINT WARNING * * *
The orc knight hits you with a +0 great mace!
* * * LOW HITPOINT WARNING * * *
You are too berserk!
You hit the orc knight.
The orc knight is heavily wounded.
You slash the orc warrior! You hit the orc warrior.
The orc warrior hits you with a +0 hand axe!!
You die...

.##............##....#.........#
......##....#..>...............#
.........#....#.####.#.........#
#####...##..##..####.#........>#
#..........................#
#########################......#
)...÷...............#.'.#......#
................)...#.#.#......#
...............o@...#.#.########
..........[(...oo)....#.#
....##.....)....).....######
......).........#....≈# #..#
................#...≈.# ##.##
##########################..#####
......# #..#............# ......#
##.....#........# ......#
###............#


You could see an orc knight and 2 orc warriors.

Vanquished Creatures
  3 two-headed ogres
  A manticore (D:11)
  Joseph (D:8)
  A gargoyle (D:9)
  A komodo dragon (D:10)
  A troll (D:9)
  Prince Ribbit (D:5)
  15 yaks
  2 wyverns
  A wraith (D:10)
  A steam dragon (D:8)
  A warg (D:10)
  2 orc warriors
  2 water moccasins (D:5)
  A swamp drake (D:10)
  2 necrophages (D:4)
  2 ice beasts
  The ghost of ZappyNine the Grasshopper, an amateur PaWr of Ashenzari (D:4)
  2 centaurs (D:10)
  2 wolves (D:9)
  3 ogres
  A phantom (D:7)
  2 kobold brigands
  3 bullfrogs
  2 scorpions
  A water moccasin zombie (D:5)
  A water moccasin skeleton (D:6)
  8 killer bees
  8 wights
  3 electric eels (D:9)
  A howler monkey (D:5)
  3 centaur zombies
  8 hounds
  4 bullfrog zombies
  A jelly (D:7)
  3 orc priests
  5 iguanas
  7 orc wizards
  3 gnolls (D:6)
  3 river rats (D:6)
  4 adders
  A shadow imp (D:6)
  3 white imps
  An ufetubus (D:5)
  2 worms (D:3)
  29 orcs
  A bat (D:3)
  4 endoplasms
  4 giant cockroaches
  8 hobgoblins
  13 jackals
  29 kobolds
  4 quokkas
  8 ball pythons
  6 frilled lizards
  5 goblins
  A jackal skeleton (D:4)
  4 rats
240 creatures vanquished.

Vanquished Creatures (others)
  A human (D:3)
  21 plants (Sewer)
22 creatures vanquished.

Grand Total: 262 creatures vanquished

Notes
Turn   | Place    | Note
-------+----------+-------------------------------------------
     0 | D:1      | speeev3455 the Minotaur Fighter began the quest for the
                  | Orb.
     0 | D:1      | Reached XP level 1. HP: 19/19 MP: 0/0
    93 | D:1      | Reached skill level 4 in Fighting
    95 | D:1      | Reached XP level 2. HP: 27/27 MP: 1/1
   304 | D:1      | Found a faded altar of an unknown god.
   871 | D:2      | Found an ornate altar of the Wu Jian Council.
   885 | D:1      | Reached XP level 3. HP: 23/34 MP: 2/2
  1536 | D:3      | Found an ancient bone altar of Kikubaaqudgha.
  1546 | D:3      | Noticed a human
  1548 | D:3      | Killed a human
  1813 | D:3      | Reached XP level 4. HP: 41/41 MP: 3/3
  2038 | D:3      | Noticed a scorpion
  2049 | D:3      | Killed a scorpion
  2050 | D:3      | Reached skill level 5 in Fighting
  2467 | D:4      | Found a runed translucent door.
  2468 | D:4      | Noticed an ogre
  2475 | D:4      | Killed an ogre
  2476 | D:4      | Reached skill level 5 in Axes
  2476 | D:4      | Reached XP level 5. HP: 26/50 MP: 4/4
  2694 | D:4      | Reached skill level 6 in Fighting
  2781 | D:4      | Noticed a necrophage
  2791 | D:4      | Killed a necrophage
  2792 | D:4      | Reached XP level 6. HP: 48/58 MP: 5/5
  2883 | D:4      | Noticed an ice beast
  2900 | D:4      | Killed an ice beast
  2901 | D:4      | Reached skill level 7 in Fighting
  3228 | D:4      | Found a glowing golden altar of the Shining One.
  3311 | D:4      | Reached XP level 7. HP: 65/66 MP: 6/6
  3838 | D:4      | Noticed ZappyNine's ghost (amateur PaWr)
  3844 | D:4      | Killed ZappyNine's ghost
  3877 | D:5      | Entered Level 5 of the Dungeon
  3985 | D:5      | Reached skill level 8 in Fighting
  4666 | D:5      | Reached XP level 8. HP: 72/75 MP: 7/7
  4923 | D:5      | Reached skill level 9 in Fighting
  5059 | D:5      | Noticed Prince Ribbit
  5077 | D:5      | Killed Prince Ribbit
  5394 | D:6      | Identified 2 scrolls of acquirement
  5394 | D:6      | Acquired a +2 plate armour of cold resistance
  5442 | D:6      | Found a staircase to the Ecumenical Temple.
  5452 | Temple   | Entered the Ecumenical Temple
  5570 | Temple   | Became a worshipper of Trog the Wrathful
  5654 | D:6      | Reached skill level 10 in Fighting
  5701 | D:6      | Found a white marble altar of Elyvilon.
  5816 | D:6      | Reached skill level 10 in Axes
  5889 | D:6      | Found a glowing drain.
  5895 | D:6      | Reached * piety under Trog
  5903 | Sewer    | Entered a sewer
  6954 | D:6      | Reached XP level 9. HP: 53/86 MP: 8/8
  7156 | D:7      | Acquired 424 gold pieces
  7157 | D:7      | Acquired a manual of Axes
  7352 | D:7      | Found a runed translucent gate.
  7370 | D:7      | Found a runed translucent gate.
  7371 | D:7      | Found a runed translucent gate.
  7371 | D:7      | Noticed avis's ghost (novice HOMo)
  7411 | D:7      | Identified the ring "Wojeotem" {rF+ rC- Int+8 Dex+6}
  7559 | D:7      | Reached skill level 11 in Fighting
  8021 | D:8      | Reached ** piety under Trog
  8288 | D:8      | Found a broken altar of Ashenzari.
  8288 | D:8      | Found a hazy altar of Hepliaklqana.
  8337 | D:8      | Found a glowing silver altar of Zin.
  8339 | D:8      | Found an iron altar of Okawaru.
  8341 | D:8      | Found a sacrificial altar of Ru.
  8643 | D:8      | Noticed Joseph
  8655 | D:8      | Killed Joseph
  8656 | D:8      | Reached skill level 5 in Armour
  9214 | D:9      | Noticed a gargoyle
  9221 | D:9      | Killed a gargoyle
  9222 | D:9      | Reached XP level 10. HP: 97/97 MP: 9/9
  9274 | D:9      | Reached skill level 12 in Fighting
  9845 | D:9      | Found a staircase to the Lair.
 10133 | D:9      | Identified the ring of Cynicism {+Blink rC+ rCorr Dex-3
                  | Stlth+}
 10656 | D:9      | Noticed a two-headed ogre
 10664 | D:9      | Killed a two-headed ogre
 11092 | D:10     | Entered Level 10 of the Dungeon
 11160 | D:10     | Reached *** piety under Trog
 11471 | D:10     | Reached skill level 13 in Fighting
 11860 | D:10     | Reached skill level 15 in Axes
 12082 | D:10     | Reached XP level 11. HP: 85/107 MP: 10/10
 12116 | D:10     | Found a staircase to the Orcish Mines.
 12274 | D:11     | Noticed a two-headed ogre
 12290 | D:11     | Killed a two-headed ogre
 12337 | D:11     | Noticed a two-headed ogre
 12342 | D:11     | Killed a two-headed ogre
 12456 | D:11     | Reached skill level 16 in Fighting
 12456 | D:11     | Reached XP level 12. HP: 122/122 MP: 11/11
 12792 | D:11     | Found a shadowy altar of Dithmenos.
 13010 | Lair:1   | Entered Level 1 of the Lair of Beasts
 13069 | Orc:1    | Entered Level 1 of the Orcish Mines
 13158 | D:10     | Mangled by an orc warrior

Illustrated notes

Levels and vault maps discovered:
D:1:      lightli_iron_boxes, layout_loops_cross,
          chequers_ecumenical_altar_lobes
D:2:      layout_basic, basic_altar
D:3:      layout_rooms, tgw_kikubaaqudgha
D:4:      layout_loops_cross, lemuel_round_altar, ebering_ghost_reflecting_pool
D:5:      layout_loops_corners, uniq_prince_ribbit1
D:6:      layout_cave_pools, elyvilon_altar_3,
          minmay_temple_entry_statues_fountains, gup_sewer_entry_bubbles
D:7:      layout_basic, ebering_ghost_rock_garden, st_stairs_3
D:8:      layout_loops_ring, chequers_temple_overflow_minitemple, uniq_joseph
D:9:      layout_irregular_city, erik_lair_island
D:10:     layout_rooms, erik_orc_1
D:11:     layout_roguey, grunt_dithmenos_smoke
Temple:   zaba_magenta_temple
Lair:1:   layout_chaotic_city, uniq_fannar
Orc:1:    layout_caves

Skill      XL: |  1  2  3  4  5  6  7  8  9 10 11 |
---------------+----------------------------------+-----
Fighting       | 4 5 6 7 8 10 11 13 16 | 16.4
Axes           | 3 4 5 6 8 10 12 15 | 15.9
Armour         | 6 8 9 |  9.8
Shields        | |  3.6

Action                   |  1- 3 |  4- 6 |  7- 9 | 10-12 || total
-------------------------+-------+-------+-------+-------++-------
Melee: War axe           |    71 |    54 |   364 |   243 ||   732
       Headbutt          |     7 |     7 |    58 |    57 ||   129
Throw: Throwing net      |       |     1 |       |       ||     1
Invok: Berserk           |       |       |     2 |     3 ||     5
Evoke: Wand              |       |     3 |       |       ||     3
  Use: Potion            |       |     1 |       |     1 ||     2
       Scroll            |       |       |    11 |     5 ||    16
Armor: Scale mail        |    36 |    16 |    34 |       ||    86
       Plate armour      |       |       |   150 |   118 ||   268
Dodge: Dodged            |    30 |    23 |    71 |    55 ||   179
Block: Kite shield       |    32 |    37 |   169 |   108 ||   346

Table legend: (Time is in decaauts)
 A = Elapsed time spent in this place.
 B = Non-inter-level travel time spent in this place.
 C = Inter-level travel time spent in this place.
 D = Time resting spent in this place.
 E = Time spent auto-exploring this place.
 F = Levels seen in this place.
 G = Mean time per level.
                   A        B        C        D        E       F      G
               +--------+--------+--------+--------+--------+-----+--------+
         Total |  13411 |  12961 |    450 |   3863 |   6472 |  15 |  894.1 |
       Dungeon |  12633 |  12183 |    450 |   3863 |   6019 |  11 | 1148.5 |
        Temple |    122 |    122 |      0 |      0 |     42 |   1 |  122.0 |
          Lair |      1 |      1 |      0 |      0 |      0 |   1 |    1.0 |
  Orcish Mines |      6 |      6 |      0 |      0 |      0 |   1 |    6.0 |
         Sewer |    646 |    646 |      0 |      0 |    411 |   1 |  646.0 |
               +--------+--------+--------+--------+--------+-----+--------+

Top non-repeatable levels by time:
     D:9: 1662 daAuts
     D:8: 1606 daAuts
     D:5: 1536 daAuts
     D:4: 1441 daAuts
    D:10: 1373 daAuts
     D:3: 1036 daAuts
     D:1: 1030 daAuts
     D:6: 1012 daAuts
     D:7: 811 daAuts
    D:11: 676 daAuts
   Sewer: 646 daAuts
     D:2: 446 daAuts
  Temple: 122 daAuts
   Orc:1: 6 daAuts
  Lair:1: 1 daAuts
